 Dungeon Crawl Stone Soup version 0.23.2-33-g5129a83184 (webtiles) character file.

Game seed: 720923857521063801

2548 H0rd4k the Thaumaturge (level 9, 0/45 HPs)
             Began as a Deep Elf Wizard on July 4, 2019.
             Was an Initiate of Sif Muna.
             Slain by a six-headed hydra (5 damage)
             ... on level 8 of the Dungeon.
             The game lasted 00:17:04 (9061 turns).

H0rd4k the Thaumaturge (Deep Elf Wizard)            Turns: 9061, Time: 00:17:06

Health: 0/45       AC:  8    Str:  4    XL:     9   Next: 30%
Magic:  16/27      EV: 12    Int: 27    God:    Sif Muna [......]
Gold:   392        SH:  0    Dex: 13    Spells: 26/32 levels left

rFire    . . .     SeeInvis .   (no weapon)
rCold    + . .     Gourm    +   (no shield)
rNeg     . . .     Faith    .   v - +2 leather armour {rF+}
rPois    .         Spirit   .   b - +0 hat
rElec    .         Reflect  .   (no cloak)
rCorr    +         Harm     .   (no gloves)
MR       .....                  j - +2 pair of boots
Stlth    ++........             h - amulet of the gourmand
HPRegen  0.15/turn              l - ring of ice
MPRegen  0.20/turn              D - ring of resist corrosion

@: no status effects
A: no striking features
a: Renounce Religion


You were on level 8 of the Dungeon.
You worshipped Sif Muna.
Sif Muna was noncommittal.
You were not hungry.

You visited 2 branches of the dungeon, and saw 9 of its levels.

You collected 392 gold pieces.

Inventory:

Hand Weapons
 n - a +1 dagger of speed
 y - a +0 short sword of venom
Armour
 b - a +0 hat (worn)
 j - a +2 pair of boots (worn)
 u - a +0 robe
 v - a +2 leather armour of fire resistance (worn)
Jewellery
 h - an amulet of the gourmand (around neck)
 l - a ring of ice (left hand)
 r - an uncursed amulet of regeneration
 D - a ring of resist corrosion (right hand)
 J - a cursed ring of attention {unknown}
Wands
 E - a wand of iceblast (7)
 F - a wand of clouds (5)
 H - a wand of random effects (25)
 K - a wand of polymorph (8)
Scrolls
 c - 8 scrolls of identify
 e - 2 scrolls of enchant armour {unknown}
 g - 2 scrolls of fog {unknown}
 i - 5 scrolls of teleportation
 p - 2 scrolls of blinking {unknown}
 q - 4 scrolls of remove curse {unknown}
 t - 2 scrolls of random uselessness {unknown}
 w - 2 scrolls of fear {unknown}
 x - a scroll of magic mapping {unknown}
 C - a scroll of immolation {unknown}
Potions
 a - a potion of mutation {unknown}
 f - 2 potions of lignification
 k - 2 potions of curing {unknown}
 m - a potion of cancellation {unknown}
 o - a potion of invisibility {unknown}
 s - 2 potions of agility {unknown}
 z - 2 potions of flight {unknown}
 A - a potion of magic {unknown}
 B - a potion of berserk rage {unknown}
 G - 2 potions of brilliance {unknown}
 I - a potion of heal wounds {unknown}
Comestibles
 d - 21 rations


   Skills:
 + Level 3.7 Dodging
 + Level 4.3 Stealth
 + Level 12.3 Spellcasting
 + Level 8.1 Conjurations
   Level 1.1 Summonings
 + Level 2.9 Translocations
 + Level 1.3 Fire Magic


You had 26 spell levels left.
You knew the following spells:

 Your Spells              Type           Power        Failure   Level  Hunger
a - Magic Dart            Conj           ####         1%          1    None
b - Blink                 Tloc           N/A          2%          2    None
c - Conjure Flame         Conj/Fire      #####...     2%          3    None

Your spell library contained the following spells:

 Spells                   Type           Power        Failure   Level  Hunger
 Animate Skeleton         Necr           N/A          6%          1    None
 Pain                     Necr           ###.         6%          1    None
 Call Imp                 Summ           ###.....     6%          2    None
 Mephitic Cloud           Conj/Pois/Air  ####....     6%          3    None
 Slow                     Hex            ###.....     10%         2    None
 Regeneration             Chrm/Necr      ###.......   19%         3    None
 Vampiric Draining        Necr           ###.......   19%         3    None
 Animate Dead             Necr           N/A          52%         4    None


Dungeon Overview and Level Annotations

Branches:
Dungeon (8/15)             Temple (1/1) D:7
   Lair: D:8-11

Altars:
Ashenzari
Dithmenos
Elyvilon
Fedhas
Hepliaklqana
Kikubaaqudgha
Nemelex Xobeh
Okawaru
Qazlal
Ru
Sif Muna
Trog
Xom
Yredelemnul
Zin
The Shining One

Shops:
D:6 }

Annotations:
D:2 1 runed translucent door, Crazy Yiuf, Sigmund
D:3 exclusion: 2 downstairs
D:4 Blork the orc
D:5 exclusions: centaur, downstairs and 1 more exclusion
D:6 exclusion: centaur
D:8 3 runed translucent doors, raetorn's ghost, novice MiCK


Message History

Found 17 gold pieces.
Casting: Blink (safe; 2% risk of failure)
Confirm with . or Enter, or press ? or * to list all spells.
You blink.
The six-headed hydra is engulfed in blazing flames.
Casting: Blink (safe; 2% risk of failure)
Confirm with . or Enter, or press ? or * to list all spells.
You blink.
You see here 21 stones.
Casting: Blink (safe; 2% risk of failure)
Confirm with . or Enter, or press ? or * to list all spells.
You blink.
Casting: Blink (safe; 2% risk of failure)
Confirm with . or Enter, or press ? or * to list all spells.
You blink.
The six-headed hydra barely misses you. The six-headed hydra bites you!
* * * LOW HITPOINT WARNING * * *
The six-headed hydra bites you but does no damage.
The six-headed hydra bites you.
You die...

.#......# #.# #.........
.#......#
##.###.........
.#......#
#...###########
.#......# #...#
.#......# #.).#
.'......#####...#
.#.............§#
.#.....######..D####
.#.....##.....§.@.(###
.#.....##............#
.###.####....#.#...#.# #
.####....#.##.##.#
####.##..########.##.###
### .....##..#
$#.#.##.#.# ....
#######..#
#.#.##.#.#....#
....(((..#
.#.+..#.#......#
.######..#
...#...........#


You could see a six-headed hydra.

Vanquished Creatures
  A hippogriff (D:7)
  2 black bears (D:6)
  An ice beast (D:5)
  4 ogres
  A necrophage (D:6)
  3 phantoms
  2 centaurs
  A bullfrog (D:7)
  A scorpion (D:4)
  3 wights (D:5)
  A howler monkey (D:5)
  4 crimson imps
  4 orc priests
  2 hounds
  A jelly (D:6)
  2 bullfrog zombies
  3 orc wizards (D:6)
  A centaur skeleton (D:5)
  Jessica (D:2)
  A bullfrog skeleton (D:6)
  4 worker ants
  A worker ant zombie (D:8)
  11 gnolls
  6 adders
  3 shadow imps
  An ooze (D:2)
  A worm (D:2)
  4 dart slugs
  4 leopard geckos
  25 orcs
  A ball python (D:2)
  3 giant cockroaches
  8 goblins
  7 hobgoblins
  7 kobolds
  3 quokkas
  6 bats
  3 frilled lizards
  A quokka zombie (D:8)
  9 rats
147 creatures vanquished.

Notes
Turn   | Place    | Note
-------+----------+-------------------------------------------
     0 | D:1      | H0rd4k the Deep Elf Wizard began the quest for the Orb.
     0 | D:1      | Reached XP level 1. HP: 10/10 MP: 7/7
   124 | D:1      | Reached skill level 5 in Spellcasting
   124 | D:1      | Reached XP level 2. HP: 15/15 MP: 2/10
   194 | D:1      | Learned a level 2 spell: Blink
   827 | D:2      | Reached XP level 3. HP: 16/19 MP: 6/12
   832 | D:2      | Learned a level 3 spell: Conjure Flame
   849 | D:2      | Noticed Jessica
   866 | D:2      | Killed Jessica
   866 | D:2      | Reached skill level 6 in Spellcasting
   929 | D:2      | Noticed Sigmund
   999 | D:2      | Reached XP level 4. HP: 22/24 MP: 4/14
  1278 | D:2      | Found a runed translucent door.
  1279 | D:2      | Noticed Crazy Yiuf
  2560 | D:4      | Noticed Blork the orc
  2752 | D:4      | Reached XP level 5. HP: 28/28 MP: 12/16
  2760 | D:4      | Reached skill level 7 in Spellcasting
  3077 | D:4      | Noticed an ogre
  3466 | D:3      | Killed an ogre
  3571 | D:4      | Reached XP level 6. HP: 30/32 MP: 15/18
  3603 | D:4      | Found a shimmering altar of Xom.
  3605 | D:4      | Found a shimmering altar of Xom.
  3605 | D:4      | Found a shimmering altar of Xom.
  4004 | D:3      | Reached skill level 8 in Spellcasting
  4119 | D:5      | Entered Level 5 of the Dungeon
  4385 | D:5      | Reached XP level 7. HP: 16/36 MP: 15/21
  4780 | D:5      | Reached skill level 9 in Spellcasting
  5611 | D:5      | Reached skill level 5 in Conjurations
  5923 | D:5      | Reached XP level 8. HP: 25/41 MP: 13/23
  6216 | D:6      | Reached skill level 10 in Spellcasting
  6833 | D:6      | Found Tyebbof's Gadget Shoppe.
  6873 | D:6      | Reached skill level 11 in Spellcasting
  7242 | D:7      | Reached skill level 1 in Fire Magic
  7324 | D:7      | Noticed a hippogriff
  7337 | D:7      | Killed a hippogriff
  7563 | D:7      | Reached XP level 9. HP: 45/45 MP: 22/26
  7715 | D:7      | Found a staircase to the Ecumenical Temple.
  7737 | Temple   | Entered the Ecumenical Temple
  7768 | Temple   | Became a worshipper of Sif Muna the Loreminder
  8001 | D:8      | Found a runed translucent gate.
  8001 | D:8      | Found a runed translucent gate.
  8002 | D:8      | Found a runed translucent gate.
  8003 | D:8      | Noticed raetorn's ghost (novice MiCK)
  8110 | D:8      | Reached skill level 12 in Spellcasting
  9042 | D:8      | Found a white marble altar of Elyvilon.
  9046 | D:8      | Noticed a six-headed hydra
  9061 | D:8      | Slain by a six-headed hydra

Skill      XL: |  1  2  3  4  5  6  7  8  9 |
---------------+----------------------------+-----
Spellcasting   | 5 6 7 8 9 11 12 | 12.3
Conjurations   | 2 3 4 5 7 8 |  8.1
Stealth        | 3 4 |  4.3
Translocations | 2 |  2.9
Dodging        | 3 |  3.7
Fire Magic     | 1 |  1.3
Summonings     | |  1.1

Action                   |  1- 3 |  4- 6 |  7- 9 || total
-------------------------+-------+-------+-------++-------
 Cast: Magic Dart        |    68 |   162 |   338 ||   568
       Blink             |       |     6 |    11 ||    17
       Conjure Flame     |       |     3 |    20 ||    23
Evoke: Wand              |       |       |     2 ||     2
  Use: Scroll            |       |       |     2 ||     2
  Eat: Chunk             |       |     9 |    15 ||    24
Armor: Robe              |     1 |     6 |       ||     7
       Leather armour    |       |     3 |    31 ||    34
Dodge: Dodged            |     4 |    26 |    60 ||    90
